 Dungeon Crawl Stone Soup version 0.28.0-53-g5a82cb258f (webtiles) character file.

Game seed: 12385915626803999884

2388 DildoBatman the Blocker (level 9, 0/65 HPs)
             Began as a Formicid Conjurer on May 23, 2022.
             Was a Priest of Kikubaaqudgha.
             Slain by Duvessa
             ... wielding a +0 short sword
              (17 damage)
             ... on level 7 of the Dungeon.
             The game lasted 00:20:40 (6796 turns).

DildoBatman the Blocker (Formicid Conjurer)         Turns: 6796, Time: 00:20:40

Health: 0/65       AC:  3    Str: 11    XL:     9   Next: 74%
Magic:  5/15       EV: 30    Int: 25    God:    Kikubaaqudgha [***...]
Gold:   442        SH: 13    Dex: 13    Spells: 5/16 levels left

rFire   . . .      SeeInvis +   a - +7 staff of the Meek {protect, meekguard}
rCold   . . .      Faith    .   c - +2 kite shield
rNeg    . . .      Spirit   .   h - +0 robe
rPois   .          Reflect  .   (helmet unavailable)
rElec   .          Harm     .   z - +0 cloak
rCorr   .          Rampage  .   (no gloves)
Will    .....                   (no boots)
Stlth   ++........              g - amulet of the acrobat
HPRegen 0.20/turn               k - +6 ring of intelligence
MPRegen 0.14/turn               o - +4 ring of evasion

@: acrobatic
A: permanent stasis, dig shafts and tunnels, antennae 3, four strong arms
a: Dig, Shaft Self, Renounce Religion, Receive Corpses


You were on level 7 of the Dungeon.
You worshipped Kikubaaqudgha.
Kikubaaqudgha was most pleased with you.
You visited 2 branches of the dungeon, and saw 8 of its levels.

You collected 442 gold pieces.

Inventory:

Hand Weapons
 a - the +7 staff of the Meek (weapon) {protect, meekguard}
   (You found it on level 3 of the Dungeon)

   It grants its wielder temporary protection when it strikes (+7 to AC).
   It provides extra protection to wielders with little health.
 b - a +0 hunting sling
 d - the +2 falchion of the Twisting Ass {flame, Str+5 Dex+3 SInv}
   (You found it on level 5 of the Dungeon)

   It burns those it strikes, dealing additional fire damage.
   Big, fiery blades are also staple armaments of hydra-hunters.
   Str:       It affects your strength (+5).
   Dex:       It affects your dexterity (+3).
   SInv:      It lets you see invisible.
Missiles
 e - 164 stones
 f - 18 poisoned darts
 i - 61 sling bullets
 p - 58 arrows
 s - 113 bolts
 v - a silver boomerang
 F - a throwing net
Armour
 c - a +2 kite shield (worn)
 h - a +0 robe (worn)
 z - a +0 cloak (worn)
Jewellery
 g - an amulet of the acrobat (around neck)
 k - a +6 ring of intelligence (left hand)
 o - a +4 ring of evasion (right hand)
 q - a ring of fire
 H - an amulet of reflection
 I - a ring of ice
 L - a ring of positive energy
Wands
 x - a wand of flame (4)
 C - a wand of charming (24)
 M - a wand of paralysis (9)
Scrolls
 j - a scroll of amnesia {unknown}
 m - 4 scrolls of immolation
 n - 2 scrolls of blinking {unknown}
 r - 2 scrolls of brand weapon {unknown}
 w - a scroll of noise {unknown}
 y - 4 scrolls of identify {unknown}
 A - a scroll of teleportation {unknown}
 B - a scroll of acquirement {unknown}
 D - a scroll of silence {unknown}
 G - a scroll of magic mapping {unknown}
 J - 2 scrolls of enchant armour {unknown}
Potions
 l - 2 potions of flight {unknown}
 u - 2 potions of curing
 E - 2 potions of heal wounds {unknown}
 K - a potion of ambrosia {unknown}
 N - a potion of resistance {unknown}


   Skills:
 * Level 4.2 Fighting
 * Level 4.2 Armour
 - Level 1.7 Dodging
 - Level 2.4 Stealth
 - Level 9.0 Shields
 * Level 4.1 Spellcasting
 - Level 6.0 Conjurations
 * Level 3.1 Necromancy
 * Level 3.9 Earth Magic


You had 5 spell levels left.
You knew the following spells:

 Your Spells              Type           Power      Damage    Failure   Level
a - Searing Ray           Conj           70%        2d7       2%          2
b - Borgnjor's Vile Clut  Necr/Erth      11%        N/A       73%         5
c - Magic Dart            Conj           100%       1d8       1%          1
d - Vampiric Draining     Necr           21%        2d7       14%         3

Your spell library contained the following spells:

 Spells                   Type           Power      Damage    Failure   Level
 Animate Skeleton         Necr           42%        N/A       4%          1
 Pain                     Necr           84%        1d8       4%          1
 Dazzling Flash           Conj/Hex       40%        N/A       16%         3
 Animate Dead             Necr           10%        N/A       43%         4
 Fulminant Prism          Conj/Hex       10%        3d9       45%         4
 Iskenderun's Mystic Bla  Conj/Tloc      20%        2d6       45%         4
 Agony                    Necr           21%        N/A       78%         5
 Excruciating Wounds      Necr           10%        N/A       78%         5
 Fireball                 Conj/Fire      10%        3d6       80%         5
 Lightning Bolt           Conj/Air       10%        1d23      80%         5
 Airstrike                Air            2%         N/A       86%         4
 Summon Lightning Spire   Summ/Air       5%         N/A       86%         4
 Death Channel            Necr           10%        N/A       100%        6
 Simulacrum               Ice/Necr       6%         N/A       100%        6
 Starburst                Conj/Fire      10%        6d5       100%        6
 Ignition                 Fire           2%         3d3       100%        8


Dungeon Overview and Level Annotations

Branches:
Dungeon (7/15)             Temple (1/1) D:4

Altars:
Ashenzari
Cheibriados
Dithmenos
Elyvilon
Fedhas
Gozag
Hepliaklqana
Kikubaaqudgha
Makhleb
Nemelex Xobeh
Okawaru
Qazlal
Ru
Sif Muna
Trog
Uskayaw
Wu Jian
Xom
Yredelemnul
Zin
The Shining One
Beogh

Annotations:
D:2 exclusion: shining eye
D:7 Duvessa


Innate Abilities, Weirdness & Mutations

You cannot be hasted, slowed, berserked, paralysed or teleported.
You can dig through walls and to a lower floor.
You have a pair of large antennae on your head. (SInv)
Your four strong arms can wield two-handed weapons with a shield.


Message History

Duvessa hits you with a +0 short sword!
The searing ray hits Duvessa but does no damage.
Duvessa is severely wounded.
You block Duvessa's attack.
The searing ray hits Duvessa but does no damage.
Duvessa is severely wounded.
Duvessa misses you. You block Duvessa's attack.
It was a potion of cancellation.
Your magical effects are unravelling.
You feel magically purged.
You are no longer glowing.
Duvessa completely misses you.
Okay, then.
It was a potion of curing.
You feel better. You block Duvessa's attack. x2
You feel better. You block Duvessa's attack.
Unknown command.
Duvessa completely misses you.
Duvessa rages.
Duvessa closely misses you.
Duvessa rages.
Duvessa completely misses you.
Things that are here:
a +0 spear; a gnoll skeleton Duvessa completely misses you.
You see here a +0 spear.
Duvessa hits you with a +0 short sword!
There is a stone staircase leading up here.
Duvessa completely misses you.
Duvessa rages.
You block Duvessa's attack.
Duvessa rages.
Duvessa misses you.
Duvessa rages.
Duvessa hits you with a +0 short sword!
You die...
Kikubaaqudgha rasps: "You have failed me!
Welcome... death!"

#....# ####.....##..........#
##....# ####....##..........#
....### #.......##..........#
##..### #.##....##..........#
#....# ###..........<........#
###...###...##......#######.###
.....).).<...#####..# #.#
##....)...##.....#..#### #.#
###...########.e@......####.#
#...#.##...)...##...##....#.#
....#..#.########.####....#.#
.#..##....# ##.# ##...#.#
....##..#.# ##..# #...#.#
.......##.# #..## #...#.#
#.).#####.## #.#######...#.#
#...#####..####.###.......#.#
....##.###.#........###...#.#


You could see Duvessa (berserk).

Vanquished Creatures
  Eustachio (D:6)
  A sky beast (D:6)
  2 ogres (D:6)
  A phantom (D:5)
  A kobold brigand (D:4)
  A bullfrog (D:7)
  A gnoll sergeant (D:3)
  4 scorpions
  A water moccasin zombie (D:6)
  Dowan (D:7)
  6 killer bees (D:7)
  2 howler monkeys
  2 centaur zombies
  A hound (D:6)
  A bullfrog zombie (D:7)
  2 jellies (D:4)
  3 orc priests
  A bullfrog skeleton (D:7)
  Ijyb (D:3)
  6 orc wizards
  3 iguanas
  2 hound skeletons (D:4)
  23 gnolls
  6 adders
  An ufetubus (D:5)
  2 dart slugs
  43 orcs
  4 bats
  6 endoplasms
  A giant cockroach (D:3)
  5 goblins
  14 hobgoblins
  14 jackals
  2 quokkas
  8 ball pythons
  A frilled lizard (D:2)
  17 kobolds
  A quokka skeleton (D:3)
  6 rats
198 creatures vanquished.

Notes
Turn   | Place    | Note
-------+----------+-------------------------------------------
     0 | D:1      | DildoBatman the Formicid Conjurer began the quest for the
                  | Orb.
     0 | D:1      | Reached XP level 1. HP: 13/13 MP: 3/3
   263 | D:1      | Reached XP level 2. HP: 13/19 MP: 3/5
   266 | D:1      | Learned a level 2 spell: Searing Ray
   558 | D:2      | Noticed a golden eye
   562 | D:2      | Found a faded altar of an unknown god.
   565 | D:2      | Noticed a shining eye
   565 | D:2      | Noticed a golden eye
   565 | D:2      | Noticed a golden eye
   571 | D:2      | Reached XP level 3. HP: 24/24 MP: 0/6
  1176 | D:2      | Reached XP level 4. HP: 30/30 MP: 5/7
  1383 | D:3      | Reached skill level 5 in Conjurations
  1914 | D:3      | Reached skill level 1 in Shields
  2011 | D:3      | Reached XP level 5. HP: 35/35 MP: 3/8
  2021 | D:3      | Reached skill level 2 in Shields
  2102 | D:3      | Found the +7 staff of the Meek {protect, meekguard}
  2613 | D:4      | Reached XP level 6. HP: 37/41 MP: 9/9
  2654 | D:4      | Reached skill level 3 in Shields
  2685 | D:4      | Found a staircase to the Ecumenical Temple.
  2703 | Temple   | Entered the Ecumenical Temple
  2945 | Temple   | Became a worshipper of Kikubaaqudgha
  3214 | D:4      | Reached skill level 1 in Fighting
  3214 | D:4      | Reached skill level 1 in Armour
  3282 | D:4      | Reached XP level 7. HP: 27/49 MP: 6/10
  3353 | D:4      | Reached * piety under Kikubaaqudgha
  3353 | D:4      | Received a gift from Kikubaaqudgha
  3363 | D:4      | Reached skill level 4 in Shields
  3833 | D:3      | Reached skill level 5 in Shields
  3970 | D:3      | Reached ** piety under Kikubaaqudgha
  4022 | D:3      | Reached skill level 6 in Shields
  4062 | D:3      | Reached XP level 8. HP: 21/56 MP: 2/11
  4088 | D:3      | Noticed Ijyb
  4193 | D:3      | Killed Ijyb
  4273 | D:3      | Reached skill level 7 in Shields
  4322 | D:3      | Learned a level 3 spell: Vampiric Draining
  4665 | D:5      | Entered Level 5 of the Dungeon
  4683 | D:5      | Identified the +2 falchion of the Twisting Ass {flame,
                  | Str+5 Dex+3 SInv}
  4721 | D:5      | Reached skill level 8 in Shields
  4863 | D:5      | Reached *** piety under Kikubaaqudgha
  4863 | D:5      | Received a gift from Kikubaaqudgha
  5292 | D:5      | Learned a level 5 spell: Borgnjor's Vile Clutch
  5346 | D:6      | Noticed Eustachio
  5359 | D:6      | Reached skill level 9 in Shields
  5360 | D:6      | Killed Eustachio
  5361 | D:6      | Reached skill level 1 in Necromancy
  5361 | D:6      | Reached skill level 1 in Earth Magic
  5376 | D:6      | Reached XP level 9. HP: 62/62 MP: 5/13
  5532 | D:6      | Identified the +4 dagger of Parts Unknown {spect, Str+4}
  6672 | D:7      | Noticed Dowan
  6766 | D:7      | Noticed Duvessa
  6771 | D:7      | Killed Dowan
  6796 | D:7      | Slain by Duvessa

Illustrated notes

Levels and vault maps discovered:
D:1:      kennysheep_arrival_forest, layout_rooms, nicolae_figureground_sparkle
D:2:      minmay_angry_zag, layout_loops_ring,
          hellmonk_ecumenical_altar_watching_god, minmay_misc_feat_nine_boxes,
          chequers_serial_rivers_small_b
D:3:      lemuel_castle_with_subvaults [lemuel_castle_interior_original],
          layout_basic, pf_guarded_unrand_meek, uniq_ijyb
D:4:      cheibrodos_thug_alley, layout_basic, temple_statues,
          minmay_misc_feat_rugged
D:5:      layout_loops_ring
D:6:      layout_basic, uniq_eustachio
D:7:      layout_rooms, uniq_duvessa
Temple:   mainiacjoe_temple_archimedes_tessellation

Skill      XL: |  1  2  3  4  5  6  7  8  9 |
---------------+----------------------------+-----
Conjurations   | 4 5 6 |  6.0
Shields        | 1 2 3 6 9 |  9.0
Fighting       | 1 2 4 |  4.2
Armour         | 1 2 4 |  4.2
Necromancy     | 1 3 |  3.1
Earth Magic    | 1 3 |  3.9
Spellcasting   | 4 |  4.1
Dodging        | |  1.7
Stealth        | |  2.4

Action                   |  1- 3 |  4- 6 |  7- 9 || total
-------------------------+-------+-------+-------++-------
Melee: Quarterstaff      |       |    54 |   225 ||   279
 Fire: Hunting sling     |    37 |    59 |       ||    96
 Cast: Magic Dart        |    31 |     2 |     5 ||    38
       Searing Ray       |     5 |     7 |    27 ||    39
  Use: Potion            |       |       |     3 ||     3
       Scroll            |       |       |     1 ||     1
 Stab: Sleeping          |       |     1 |     2 ||     3
       Distracted        |       |       |     1 ||     1
Armor: Robe              |     1 |    14 |    36 ||    51
Dodge: Dodged            |     7 |    61 |   190 ||   258
Block: Buckler           |       |     9 |     4 ||    13
       Kite shield       |       |       |   167 ||   167
